 Dungeon Crawl Stone Soup version 0.26-a0-438-g4b1dca4f87 (webtiles) character file.

Game seed: 11963689986582042497

682 ReteAZ the Grappler (level 7, 0/66 HPs)
             Began as a Troll Chaos Knight on July 26, 2020.
             Was a Plaything of Xom.
             Succumbed to a worker ant's poison
             ... on level 5 of the Dungeon.
             The game lasted 00:06:18 (25610 turns).

ReteAZ the Grappler (Troll Chaos Knight)           Turns: 25610, Time: 00:06:19

Health: 0/66       AC: 11    Str: 17 (21) XL:     7   Next: 34%
Magic:  7/7        EV:  9    Int:  6 (8)  God:    Xom [*.....]
Gold:   211        SH:  0    Dex: 11      Spells: 6/6 levels left

rFire    . . .     SeeInvis .     - Unarmed
rCold    + . .     Faith    .   (no shield)
rNeg     . . .     Spirit   .   a - +2 robe
rPois    .         Reflect  .   (helmet restricted)
rElec    +         Harm     .   k - +0 cloak
rCorr    .                      (gloves unavailable)
MR       .....                  (boots unavailable)
Stlth    +.........             (no amulet)
HPRegen  0.61/turn              (no ring)
MPRegen  0.10/turn              (no ring)

@: lethally poisoned (0 -> 0), heavily drained
A: large, unfitting armour, claws 3, slimy green scales 1, cold resistance 1,
high mp 2, regeneration 1, screaming 2, shaggy fur 1, electricity resistance,
tough skin 3
a: Renounce Religion


You were on level 5 of the Dungeon.
You worshipped Xom.
You were a special plaything of Xom.
You visited 1 branch of the dungeon, and saw 5 of its levels.

You collected 211 gold pieces.

Inventory:

Hand Weapons
 q - the +9 staff of Wucad Mu {channel}
   (Xom gifted it to you on level 3 of the Dungeon)
Missiles
 n - 25 stones (quivered)
Armour
 a - a +2 robe (worn)
 k - a +0 cloak (worn)
 o - a +0 robe
Magical Staves
 l - an uncursed staff of poison {unknown}
Jewellery
 d - an uncursed ring of protection from fire {unknown}
 i - a +6 ring of dexterity {unknown}
Scrolls
 e - a scroll of enchant weapon {unknown}
 f - 4 scrolls of identify {unknown}
 h - 2 scrolls of amnesia {unknown}
 m - 3 scrolls of teleportation {unknown}
Potions
 b - 2 potions of mutation {unknown}
 c - a potion of heal wounds
 g - 3 potions of curing
 j - a potion of stabbing {unknown}
 r - a potion of brilliance {unknown}
Miscellaneous
 p - a tin of tremorstones (3/3)


   Skills:
 - Level 2.4(0.7) Fighting
 - Level 2.0(0.3) Dodging
 + Level 8.7(6.7) Unarmed Combat


You had 6 spell levels left.
You didn't know any spells.
Your spell library was empty.

Dungeon Overview and Level Annotations

Branches:
Dungeon (5/15)
 Temple: D:4-7

Altars:
Kikubaaqudgha
Xom
The Shining One


Innate Abilities, Weirdness & Mutations

You are too large for most types of armour.
You have claws for hands.
Your natural rate of healing is unusually fast.
You are covered in fur. (AC +1)
You have extremely tough skin. (AC +3)
You are partially covered in slimy green scales. (AC +2)
Your flesh is cold resistant. (rC+)
You have a considerably increased reservoir of magic. (+20% MP)
You sometimes yell uncontrollably at your foes.
You are resistant to electric shocks. (rElec)


Message History

You completely miss the worker ant. "Just a minor improvement..."
The orc hits you with a +0 flail.
The worker ant bites you but does no damage.
You claw the worker ant!
The worker ant is heavily wounded.
You feel sick. The worker ant closely misses you. The orc closely misses you.
The orc warrior hits you from afar with a +0 halberd.
* * * LOW HITPOINT WARNING * * *
You are too injured to fight recklessly!
You closely miss the worker ant.
The worker ant is heavily wounded.
The worker ant barely misses you. The orc hits you but does no damage.
The orc warrior hits you from afar with a +0 halberd!
* * * LOW HITPOINT WARNING * * *
Xom is mildly amused.
The worker ant bites you but does no damage.
You climb downwards.
You die...
Xom titters!

...# ...#
###########...#
#.........[...#
#...!.........#
#.............#
#....>........#
#.....o@..)#
#.....)ao..#
#..........#
#..........#
############


You could see a worker ant and 2 orcs.

Vanquished Creatures
  An ice beast (D:5)
  A bullfrog (D:3)
  A scorpion (D:2)
  A hound (D:3)
  4 orc priests (D:3)
  Crazy Yiuf (D:3)
  2 orc wizards (D:3)
  Natasha (thrice) (D:3)
  A hound skeleton (D:3)
  5 adders
  An ooze (D:2)
  2 worms (D:3)
  3 dart slugs
  4 leopard geckos
  14 orcs
  2 giant cockroaches
  11 goblins
  11 hobgoblins
  3 jackals (D:2)
  6 kobolds
  A quokka (D:2)
  2 ball pythons
  5 bats (D:1)
  4 frilled lizards
  A giant cockroach zombie (D:4)
  8 rats
98 creatures vanquished.

Notes
Turn   | Place    | Note
-------+----------+-------------------------------------------
     0 | D:1      | ReteAZ the Troll Chaos Knight began the quest for the Orb.
     0 | D:1      | Reached XP level 1. HP: 22/22 MP: 0/0
   177 | D:1      | Reached XP level 2. HP: 29/29 MP: 1/1
   255 | D:1      | XOM: noise
   505 | D:1      | Reached skill level 4 in Unarmed Combat
   726 | D:1      | Reached XP level 3. HP: 36/36 MP: 2/2
   906 | D:2      | Noticed a scorpion
   913 | D:2      | XOM: noise
   920 | D:2      | Killed a scorpion
   920 | D:2      | Reached skill level 5 in Unarmed Combat
   920 | D:2      | Reached XP level 4. HP: 38/44 MP: 3/3
  1123 | D:2      | XOM: smoke on damage
  1139 | D:2      | XOM: enchant monster (bad)
  1210 | D:2      | XOM: silly message
  1371 | D:2      | Reached XP level 5. HP: 45/50 MP: 4/4
  1446 | D:2      | XOM: god gift: knobbly runed staff {god gift}
  1589 | D:2      | XOM: cloud trail
  2247 | D:2      | XOM: god gift: 20 stones
  2996 | D:2      | XOM: noise
  3070 | D:2      | XOM is BORED!
  3271 | D:2      | XOM: silly message
  3620 | D:2      | XOM: cloud trail
  4677 | D:2      | XOM: silly message
  4843 | D:2      | XOM: summons 2 hostile demons
  6167 | D:2      | XOM: summons 2 hostile demons
  6782 | D:2      | XOM: stat loss: -1 Dex (6/10)
  7202 | D:2      | XOM: silly message
  7305 | D:2      | XOM: silly message
  7344 | D:2      | XOM: summons 1 hostile demon
  8135 | D:2      | XOM is BORED!
  8135 | D:2      | XOM: summons 2 hostile demons
  8136 | D:2      | Noticed a hellwing
  8151 | D:2      | HP: 1/50 [hellwing[Xom] (5)]
  8169 | D:3      | Noticed Natasha
  8170 | D:3      | XOM: summons friendly white imp
  8173 | D:3      | Killed Natasha
  8173 | D:3      | Reached skill level 6 in Unarmed Combat
  8368 | D:3      | XOM: enchant monster (good)
  8371 | D:3      | Reached XP level 6. HP: 39/59 MP: 5/5
  8409 | D:3      | Reached skill level 7 in Unarmed Combat
  8577 | D:3      | XOM: scenery: create altars
  8787 | D:3      | Noticed Natasha
  8795 | D:3      | Killed Natasha
  8795 | D:3      | Reached skill level 8 in Unarmed Combat
  8795 | D:3      | Reached XP level 7. HP: 52/66 MP: 6/6
  8837 | D:3      | Found a runed translucent door.
  8838 | D:3      | Noticed Crazy Yiuf
  9055 | D:3      | XOM: give mutations
  9055 | D:3      | Gained mutation: You possess an exceptional clarity of
                  | mind. [Xom's grace]
  9055 | D:3      | Gained mutation: Your flesh is heat resistant. (rF+) [Xom's
                  | grace]
  9055 | D:3      | Gained mutation: You have large cloven feet. [Xom's grace]
  9060 | D:3      | XOM: give mutations
  9060 | D:3      | Gained mutation: You are resistant to electric shocks.
                  | (rElec) [Xom's grace]
  9060 | D:3      | Gained mutation: You have hoof-like feet. [Xom's grace]
  9060 | D:3      | Gained mutation: You are partially covered in slimy green
                  | scales. (AC +2) [Xom's grace]
  9123 | D:3      | XOM: fog
  9126 | D:3      | Killed Crazy Yiuf
  9397 | D:3      | XOM: give mutations
  9397 | D:3      | Gained mutation: Your flesh is cold resistant. (rC+) [Xom's
                  | grace]
  9397 | D:3      | Gained mutation: You are resistant to hostile enchantments.
                  | (MR+) [Xom's grace]
  9397 | D:3      | Gained mutation: You have a pair of small antennae on your
                  | head. [Xom's grace]
  9781 | D:3      | XOM: noise
  9791 | D:3      | XOM: scenery: 1 doors close
 10343 | D:3      | XOM: give mutation
 10343 | D:3      | Gained mutation: You are highly resistant to hostile
                  | enchantments. (MR++) [Xom's grace]
 10692 | D:3      | XOM: god gift: robe {god gift}
 11004 | D:3      | XOM: give mutations
 11004 | D:3      | Lost mutation: Your flesh is heat resistant. (rF+) [Xom's
                  | mischief]
 11004 | D:3      | Gained mutation: You have an increased reservoir of magic.
                  | (+10% MP) [Xom's mischief]
 11004 | D:3      | Gained mutation: Your flesh is heat resistant. (rF+) [Xom's
                  | mischief]
 11175 | D:3      | XOM: summons 2 hostile shadow creatures
 11195 | D:3      | XOM: summons 1 hostile demon
 11388 | D:3      | XOM: give mutation
 11388 | D:3      | Gained mutation: You are clumsy. (Dex -2) [Xom's mischief]
 11532 | D:3      | XOM: give mutation
 11532 | D:3      | Gained mutation: You have a considerably increased
                  | reservoir of magic. (+20% MP) [Xom's mischief]
 11586 | D:3      | XOM: summons 4 hostile demons
 11587 | D:3      | Noticed a chaos spawn
 11693 | D:3      | XOM: silly message
 11730 | D:3      | XOM: cloud trail
 12087 | D:3      | Noticed Natasha
 12096 | D:3      | Killed Natasha
 12298 | D:3      | XOM: cloud trail
 12591 | D:3      | XOM: silly message
 13034 | D:3      | XOM: divination: magic mapping
 13216 | D:3      | XOM: give mutations
 13216 | D:3      | Lost mutation: You possess an exceptional clarity of mind.
                  | [Xom's mischief]
 13216 | D:3      | Lost mutation: You are clumsy. (Dex -2) [Xom's mischief]
 13216 | D:3      | Gained mutation: Your body sometimes deteriorates upon
                  | taking damage. [Xom's mischief]
 13500 | D:3      | XOM: give mutations
 13500 | D:3      | Lost mutation: Your flesh is heat resistant. (rF+) [Xom's
                  | mischief]
 13500 | D:3      | Lost mutation: Your flesh is cold resistant. (rC+) [Xom's
                  | mischief]
 13607 | D:3      | XOM: give mutation
 13607 | D:3      | Lost mutation: Your body sometimes deteriorates upon taking
                  | damage. [Xom's mischief]
 14435 | D:3      | XOM: silly message
 14629 | D:3      | XOM: give mutations
 14629 | D:3      | Lost mutation: You are highly resistant to hostile
                  | enchantments. (MR++) [Xom's mischief]
 14629 | D:3      | Gained mutation: Scrolls take you a little longer to read.
                  | [Xom's mischief]
 15557 | D:3      | XOM: give mutations
 15557 | D:3      | Lost mutation: You are resistant to hostile enchantments.
                  | (MR+) [Xom's mischief]
 15557 | D:3      | Gained mutation: You are frail. (-10% HP) [Xom's mischief]
 15557 | D:3      | Lost mutation: You have hoof-like feet. [Xom's mischief]
 15557 | D:3      | Gained mutation: You are dopey. (Int -2) [Xom's mischief]
 15617 | D:3      | XOM is BORED!
 15617 | D:3      | XOM: summons 1 hostile shadow creature
 15626 | D:3      | XOM: scenery: summon butterflies
 15913 | D:3      | XOM: noise
 16053 | D:3      | XOM: draining
 17843 | D:3      | XOM: god gift: tin of tremorstones (3/3)
 17992 | D:3      | XOM: god gift: +9 staff of Wucad Mu {channel}
 17993 | D:3      | Found the +9 staff of Wucad Mu {channel}
 18757 | D:3      | XOM: cloud trail
 19076 | D:3      | XOM: scenery: create altars
 19086 | D:3      | XOM: noise
 20223 | D:3      | XOM: divination: magic mapping
 20261 | D:3      | XOM: noise
 20898 | D:3      | XOM is BORED!
 20898 | D:3      | XOM: stat loss: -3 Str (18/21)
 21057 | D:3      | XOM: give mutations
 21057 | D:3      | Gained mutation: Scrolls take you longer to read. [Xom's
                  | mischief]
 21057 | D:3      | Lost mutation: Scrolls take you longer to read. [Xom's
                  | mischief]
 21057 | D:3      | Lost mutation: You are frail. (-10% HP) [Xom's mischief]
 21751 | D:3      | XOM: summons 2 hostile shadow creatures
 22385 | D:3      | XOM: noise
 22886 | D:3      | XOM: noise
 23185 | D:3      | XOM: give mutation
 23185 | D:3      | Gained mutation: Your flesh is cold resistant. (rC+) [Xom's
                  | grace]
 23218 | D:3      | XOM is BORED!
 23301 | D:3      | XOM: god gift: 5 stones
 23983 | D:3      | XOM: stat loss: -1 Int (5/6)
 24744 | D:3      | XOM: draining
 25183 | D:3      | XOM: noise
 25380 | D:3      | XOM: summons 1 hostile demon
 25381 | D:3      | Noticed a ynoxinul
 25449 | D:4      | XOM: give mutations
 25449 | D:4      | Lost mutation: You have large cloven feet. [Xom's mischief]
 25449 | D:4      | Gained mutation: Your body sometimes deteriorates upon
                  | taking damage. [Xom's mischief]
 25449 | D:4      | Lost mutation: You are dopey. (Int -2) [Xom's mischief]
 25449 | D:4      | Lost mutation: Scrolls take you a little longer to read.
                  | [Xom's mischief]
 25461 | D:4      | Found an ancient bone altar of Kikubaaqudgha.
 25461 | D:4      | Found a glowing golden altar of the Shining One.
 25545 | D:4      | XOM: confusion
 25554 | D:4      | XOM: stat loss: -1 Str (16/21)
 25562 | D:4      | XOM: noise
 25563 | D:5      | Entered Level 5 of the Dungeon
 25591 | D:5      | XOM: give mutations
 25591 | D:5      | Lost mutation: Your body sometimes deteriorates upon taking
                  | damage. [Xom's mischief]
 25591 | D:5      | Lost mutation: You have a pair of small antennae on your
                  | head. [Xom's mischief]
 25591 | D:5      | Gained mutation: You occasionally shout uncontrollably at
                  | your foes. [Xom's mischief]
 25591 | D:5      | Gained mutation: You sometimes yell uncontrollably at your
                  | foes. [Xom's mischief]
 25606 | D:4      | XOM: scenery: create altars
 25609 | D:4      | HP: 1/66 [orc warrior/+0 halberd (15)]
 25610 | D:5      | Succumbed to a worker ant's poison

Illustrated notes

Levels and vault maps discovered:
D:1:      evilmike_arrival_hilbert_curve, layout_loops_ring
D:2:      layout_basic
D:3:      layout_basic, uniq_natasha, uniq_crazy_yiuf_cottage
D:4:      layout_loops_ring, old_standard_altar,
          gammafunk_temple_overflow_elements, temple_doors_e
D:5:      layout_basic

Skill      XL: |  1  2  3  4  5  6 |
---------------+-------------------+-----
Dodging        | 2 |  2.0
Unarmed Combat | 4 5 6 8 |  8.7
Fighting       | |  2.4

Action                   |  1- 3 |  4- 6 |  7- 9 || total
-------------------------+-------+-------+-------++-------
Melee: Unarmed           |    81 |   189 |    72 ||   342
       Punch             |     2 |     3 |     5 ||    10
       Kick              |       |       |     8 ||     8
  Use: Potion            |       |     4 |       ||     4
       Scroll            |       |     1 |       ||     1
 Stab: Sleeping          |       |     1 |       ||     1
Armor: Robe              |    43 |    77 |    24 ||   144
       Skin              |       |       |     2 ||     2
Dodge: Dodged            |    42 |   111 |    28 ||   181

Table legend: (Time is in decaauts)
 A = Elapsed time spent in this place.
 B = Non-inter-level travel time spent in this place.
 C = Inter-level travel time spent in this place.
 D = Time resting spent in this place.
 E = Time spent auto-exploring this place.
 F = Levels seen in this place.
 G = Mean time per level.
                   A        B        C        D        E       F      G
               +--------+--------+--------+--------+--------+-----+--------+
         Total |  25571 |  25494 |     77 |  22588 |   2174 |   5 | 5114.2 |
       Dungeon |  25571 |  25494 |     77 |  22588 |   2174 |   5 | 5114.2 |
               +--------+--------+--------+--------+--------+-----+--------+

Top non-repeatable levels by time:
     D:3: 17190 daAuts
     D:2: 7377 daAuts
     D:1: 778 daAuts
     D:4: 185 daAuts
     D:5: 39 daAuts
